 Dungeon Crawl Stone Soup version 0.30-b1-2-g02819fbbbe (webtiles) character file.

Game seed: 8939493561634354828

256264 Metae the Spry (level 19, -3/179 HPs)
             Began as a Minotaur Fighter on June 28, 2023.
             Was a Follower of Uskayaw.
             Killed from afar by a deep elf zephyrmancer (24 damage)
             ... with a bolt of lightning
             ... on level 2 of the Elven Halls on June 29, 2023.
             The game lasted 03:33:24 (40426 turns).

Metae the Spry (Minotaur Fighter)                  Turns: 40426, Time: 03:33:27

Health: -3/179     AC: 36    Str: 30    XL:     19   Next: 6%
Magic:  28/28      EV: 19    Int: -21 (5) God:    Uskayaw [*.....]
Gold:   2494       SH: 24    Dex: 17    Spells: 18/18 levels left

rFire   + + .        U - +3 short sword (drain)
rCold   + + .        Q - +3 tower shield {rC+}
rNeg    + . .        s - +8 chain mail of Womoz {Will+ Dex+2}
rPois   .            Y - +2 hat
rElec   .            b - scarf {rC+ rF+}
rCorr   .            e - +2 pair of gloves
SInv    +            j - +2 pair of boots
Will    ++++.        n - amulet of regeneration Stlth
                     V - ring of the Red God {rF+ rN+ Will+ Int+2 Dex+6 SInv}
HPRegen 1.29/turn    A - +4 ring of protection
MPRegen 0.21/turn

%: no passive effects
@: slowed, lost intelligence, unable to read, very slow
A: horns 2, retaliatory headbutt, dopey 1, strong-willed 1
}: 2/15 runes: serpentine, barnacled
a: Renounce Religion, Stomp


You were on level 2 of the Elven Halls.
You worshipped Uskayaw.
Uskayaw was pleased with you.
You visited 9 branches of the dungeon, and saw 36 of its levels.
You also visited: Ice Cave.

You collected 3300 gold pieces.
You spent 806 gold pieces at shops.

Inventory:

Hand Weapons
 U - a +3 short sword of draining (weapon)
 Z - a +2 spectral demon whip
Missiles
 k - 53 poisoned darts
Armour
 b - a scarf of resistance (worn)
 e - a +2 pair of gloves (worn)
 j - a +2 pair of boots (worn)
 s - the +8 chain mail of Womoz (worn) {Will+ Dex+2}
   (You found it on level 3 of the Dungeon)

   Dex:       It affects your dexterity (+2).
   Will:      It increases your willpower.
 Q - a +3 tower shield of cold resistance (worn)
 Y - a +2 hat (worn)
Jewellery
 n - an amulet of regeneration (around neck)
 y - a +6 ring of strength
 z - the ring of Archus {*Corrode Fly rF+ Str+4 Slay+2}
   (You found it on level 4 of the Shoals)

   [ring of flight]

   Str:       It affects your strength (+4).
   Slay:      It affects your accuracy & damage with ranged weapons and melee
   (+2).
   rF:        It protects you from fire.
   Fly:       It grants you flight.
   *Corrode:  It may corrode you when you take damage.
 A - a +4 ring of protection (right hand)
 C - a ring of willpower
 K - a ring of flight
 S - a ring of poison resistance
 V - the ring of the Red God (left hand) {rF+ rN+ Will+ Int+2 Dex+6 SInv}
   (You found it on level 14 of the Dungeon)

   [ring of dexterity]

   Int:       It affects your intelligence (+2).
   Dex:       It affects your dexterity (+6).
   rF:        It protects you from fire.
   rN:        It protects you from negative energy.
   SInv:      It lets you see invisible.
   Will:      It increases your willpower.
Wands
 a - a wand of flame (101)
 c - a wand of acid (11) (quivered)
 u - a wand of digging (14)
 G - a wand of polymorph (21)
 I - a wand of paralysis (28)
 J - a wand of roots (19)
 W - a wand of mindburst (19)
Scrolls
 i - 2 scrolls of enchant weapon
 l - 3 scrolls of amnesia
 m - 5 scrolls of fog
 p - 3 scrolls of brand weapon
 q - 11 scrolls of teleportation
 t - a scroll of enchant armour
 F - 3 scrolls of blinking
 L - 4 scrolls of fear
 N - 2 scrolls of butterflies
 O - 2 scrolls of magic mapping
 X - a scroll of silence
Potions
 f - 3 potions of brilliance
 g - a potion of resistance
 h - 11 potions of curing
 o - 3 potions of magic
 r - 2 potions of heal wounds
 v - 4 potions of flight
 w - 3 potions of invisibility
 B - 3 potions of cancellation
 D - 4 potions of attraction
 E - a potion of mutation
 H - 3 potions of berserk rage
 M - 5 potions of haste
 P - 3 potions of ambrosia
Miscellaneous
 d - a condenser vane (inert)
 R - a lightning rod (4/4)
 T - a phial of floods


   Skills:
 + Level 17.8 Fighting
 - Level 12.0 Short Blades
 - Level 6.5 Maces & Flails
 + Level 17.8 Armour
 + Level 18.5 Dodging
 + Level 18.0 Shields
 + Level 13.6 Invocations
 + Level 9.2 Evocations


You had 18 spell levels left.
You didn't know any spells.
Your spell library contained the following spells:

 Spells                   Type           Power      Damage    Failure   Level
 Freeze                   Ice            0%         1d3       97%         1
 Shock                    Conj/Air       0%         1d3       97%         1
 Sting                    Tmut/Pois      0%         1d3       97%         1
 Summon Small Mammal      Summ           0%         N/A       97%         1
 Cigotuvi's Dreadful Rot  Necr/Pois/Air  0%         N/A       99%         2
 Poisonous Vapours        Pois/Air       0%         N/A       99%         2
 Static Discharge         Conj/Air       0%         2-2/arc   99%         2
 Call Canine Familiar     Summ           0%         N/A       100%        3
 Frozen Ramparts          Ice            0%         1d1       100%        3
 Hailstorm                Conj/Ice       0%         3d3       100%        3
 Ozocubu's Armour         Ice            0%         N/A       100%        3
 Portal Projectile        Hex/Tloc       0%         N/A       100%        3
 Summon Guardian Golem    Hex/Summ       0%         N/A       100%        3
 Swiftness                Air            0%         N/A       100%        3
 Vhi's Electric Charge    Tloc/Air       0%         N/A       100%        3
 Volatile Blastmotes      Fire/Tloc      0%         2d10      100%        3
 Airstrike                Air            0%         2d(0-16)  100%        4
 Dispel Undead            Necr           0%         3d6       100%        4
 Fulminant Prism          Conj/Hex       0%         3d5       100%        4
 Ice Form                 Ice/Tmut       0%         N/A       100%        4
 Iskenderun's Mystic Bla  Conj/Tloc      0%         2d3       100%        4
 Leda's Liquefaction      Hex/Erth       0%         N/A       100%        4
 Olgreb's Toxic Radiance  Pois           0%         N/A       100%        4
 Summon Ice Beast         Ice/Summ       0%         N/A       100%        4
 Summon Lightning Spire   Summ/Air       0%         N/A       100%        4
 Arcjolt                  Conj/Air       0%         1d10      100%        5
 Lee's Rapid Deconstruct  Erth           0%         3d4*      100%        5
 Death Channel            Necr           0%         N/A       100%        6
 Plasma Beam              Fire/Air       0%         2x1d11    100%        6
 Polar Vortex             Ice            0%         N/A       100%        9


Dungeon Overview and Level Annotations

Branches:
Dungeon (15/15)            Temple (1/1) D:7            Lair (5/5) D:11
 Shoals (4/4) Lair:3        Snake (4/4) Lair:2        Slime (2/5) Lair:4
    Orc (2/2) D:11            Elf (1/3) Orc:2        Vaults (1/5) D:14
 Depths (0/4) D:15          IceCv (visited)

Altars:
Ashenzari
Cheibriados
Dithmenos
Elyvilon
Fedhas
Gozag
Hepliaklqana
Kikubaaqudgha
Makhleb
Nemelex Xobeh
Okawaru
Qazlal
Ru
Sif Muna
Trog
Uskayaw
Vehumet
Wu Jian
Xom
Yredelemnul
Zin
The Shining One
Jiyva
Lugonu

Shops:
D:3 *   D:6 (   Orc:1 (   Orc:2 ([[:   Shoals:1 =   Shoals:3 (   Snake:1 *
Snake:2 !

Portals:
Abyss: Snake:1

Annotations:
Elf:2 3 runed translucent doors


Innate Abilities, Weirdness & Mutations

You have a pair of horns on your head.
You reflexively headbutt those who attack you in melee.
You are dopey. (Int -2)
You are strong-willed. (Will+)


Message History

* * * LOW HITPOINT WARNING * * *
The +2 lajatang of pain misses you.
The +2 lajatang of pain attacks as you move away!
You block the +2 lajatang of pain's attack.
The +2 lajatang of pain completely misses you.
The deep elf zephyrmancer points at you and mumbles some strange words.
The bolt of lightning hits the +2 lajatang of pain.
The +2 lajatang of pain completely resists.
The bolt of lightning misses you.
You block the +2 lajatang of pain's attack.
You block the +2 lajatang of pain's attack.
The deep elf zephyrmancer casts a spell.
The deep elf zephyrmancer blinks!
The deep elf zephyrmancer points at you and mumbles some strange words.
The bolt of lightning misses the +2 lajatang of pain.
The bolt of lightning misses you. The +2 lajatang of pain hits you.
* * * LOW HITPOINT WARNING * * *
The +2 lajatang of pain attacks as you move away!
The +2 lajatang of pain hits you!
* * * LOW HITPOINT WARNING * * *
The deep elf zephyrmancer casts a spell.
The deep elf zephyrmancer blinks!
You block the +2 lajatang of pain's attack.
The deep elf zephyrmancer casts a spell.
The deep elf zephyrmancer blinks!
The +2 lajatang of pain hits you!
* * * LOW HITPOINT WARNING * * *
You block the +2 lajatang of pain's attack.
You hit the +2 lajatang of pain but do no damage.
Your headbutt misses the +2 lajatang of pain.
The +2 lajatang of pain is lightly damaged.
A deep elf knight comes into view. It is wielding a +0 long sword.
You block the +2 lajatang of pain's attack.
You hit the +2 lajatang of pain but do no damage.
The +2 lajatang of pain is lightly damaged.
The +2 lajatang of pain hits you.
* * * LOW HITPOINT WARNING * * *
The deep elf zephyrmancer points at you and mumbles some strange words.
The bolt of lightning hits you!!
You die...

#### #### ##...##
##...##
##.....###.....###
##.................
#..................
#....e.............
#.........(@.......
#.................
##................
#................
##................
...
##..........###....
.... #..........##
#...
....##....e.....#
e..
...+...........##


You could see a deep elf knight, 2 deep elf zephyrmancers and a +2 lajatang of
pain.

Vanquished Creatures
  Saint Roka (Orc:2)
  Vashnia (Snake:3)
  Jorgrun (Elf:1)
  Rupert (D:14)
  Mlioglotl (Snake:4)
  A storm dragon (Shoals:4)
  4 nagarajas
  Donald (Snake:4)
  A vault warden (Vaults:1)
  A quicksilver ooze (Slime:1)
  A stone giant (D:15)
  An ironbound preserver (Vaults:1)
  The ghost of diceflayer the Fighter, a journeyman DsGl of Okawaru (D:14)
  Azrael (D:12)
  10 merfolk impalers
  A merfolk javelineer (Shoals:3)
  A fire dragon (Lair:5)
  Josephine (D:11)
  2 rakshasas
  4 hydras
  5 salamander tyrants
  A great orb of eyes (Slime:2)
  3 ironbound frosthearts
  The ghost of HumbleHazard the Fighter, a novice MiFi (D:9)
  A catoblepas (Lair:5)
  A death knight (D:15)
  An alligator snapping turtle (Shoals:4)
  6 anacondas
  A satyr (Shoals:3)
  3 two-headed ogres
  5 boulder beetles
  33 death yaks
  5 merfolk avatars
  4 merfolk aquamancers
  8 dancing weapons (Elf:2)
  4 centaur warriors
  Urug (D:11)
  13 naga warriors
  2 tengu warriors (D:14)
  An orc high priest (Orc:2)
  13 shock serpents
  6 deep elf knights (Elf:2)
  21 naga sharpshooters
  6 salamander mystics
  7 skysharks
  6 sea snakes
  5 deep trolls (Vaults:1)
  5 naga ritualists
  The ghost of Drakonis1988 the Chopper, a novice MiFi of Okawaru (D:5)
  3 lindwurms
  4 orc knights
  5 harpies
  6 deep elf pyromancers
  12 mana vipers
  2 deep elf zephyrmancers
  2 orc sorcerers
  14 manticores
  8 cyclopes
  9 ugly things
  19 salamanders
  3 spectral centaurs (D:9)
  9 merfolk sirens
  6 guardian serpents
  Maurice (D:8)
  16 elephants
  An ice statue (IceCv)
  16 naga magi
  2 molten gargoyles
  An eye of devastation (Slime:2)
  2 torpor snails
  34 black mambas
  A gargoyle (D:14)
  13 water nymphs
  12 cane toads
  2 efreet
  2 unseen horrors
  A freezing wraith (D:14)
  5 rime drakes
  6 yaktaurs
  A rime drake (shapeshifter) (D:14)
  17 komodo dragons
  9 polar bears
  A queen bee (shapeshifter) (D:14)
  9 trolls
  13 wind drakes
  A hornet (Lair:2)
  25 merfolk
  Grinder (D:3)
  22 blink frogs
  Prince Ribbit (D:6)
  20 dream sheep
  14 snapping turtles
  Sigmund (D:3)
  A centaur simulacrum (D:9)
  27 slime creatures
  3 air elementals (Shoals:4)
  51 yaks
  5 wraiths
  2 shadows
  21 water elementals
  7 wyverns
  Eustachio (D:6)
  2 fire elementals (D:12)
  4 golden eyes (Slime:2)
  3 basilisks
  4 steam dragons
  6 vampire mosquitoes (D:11)
  4 neqoxecs (D:14)
  7 wargs
  45 nagas
  10 water moccasins
  4 acid dragons
  8 hell hounds
  A swamp drake (shapeshifter) (D:15)
  A meliai simulacrum (D:9)
  35 orc warriors
  2 black bears
  30 wolves
  An ogre (shapeshifter) (D:15)
  8 ogres
  18 centaurs
  A gnoll sergeant (D:9)
  2 kobold brigands
  8 bullfrogs
  3 scorpions
  7 wights
  6 killer bees (D:9)
  7 electric eels
  7 howler monkeys
  4 lava snakes (Lair:5)
  3 quasits (D:14)
  7 jellies
  5 hounds
  18 orc priests
  2 sleepcaps
  5 iguanas
  32 orc wizards
  8 gnolls
  3 adders
  2 shadow imps (D:6)
  A white imp (D:5)
  3 ufetubi (D:6)
  2 worms (D:2)
  3 dart slugs
  90 orcs
  7 ball pythons
  2 bats
  5 endoplasms
  2 giant cockroaches
  5 goblins
  4 hobgoblins
  5 jackals
  20 kobolds
  2 quokkas
  3 frilled lizards (D:2)
  7 rats
  2 lurking horrors (Snake:1)
1161 creatures vanquished.

Vanquished Creatures (others)
  A merfolk impaler (Shoals:4)
  A dancing weapon (Elf:2)
  A deep elf knight (Elf:2)
  A black mamba (Snake:2)
  A water nymph (Shoals:4)
  A tengu conjurer (D:14)
  A water elemental (Shoals:4)
  3 nagas
  A centaur (D:14)
  2 scorpions (D:6)
  2 orcs
  A kobold (D:10)
  A bush (Shoals:1)
  25 fungi
  36 plants
  4 withered plants (Lair:2)
82 creatures vanquished.

Grand Total: 1243 creatures vanquished

Notes
Turn   | Place    | Note
-------+----------+-------------------------------------------
     0 | D:1      | Metae the Minotaur Fighter began the quest for the Orb.
     0 | D:1      | Reached XP level 1. HP: 19/19 MP: 0/0
   201 | D:1      | Reached XP level 2. HP: 25/27 MP: 1/1
   498 | D:2      | Reached skill level 1 in Dodging
   687 | D:2      | Reached XP level 3. HP: 33/33 MP: 2/2
  1311 | D:3      | Noticed Grinder
  1311 | D:3      | Paralysed by Grinder for 4 turns
  1320 | D:3      | Killed Grinder
  1321 | D:3      | Reached XP level 4. HP: 41/41 MP: 3/3
  1321 | D:3      | Reached XP level 5. HP: 47/47 MP: 4/4
  1388 | D:3      | Found Niuluoni's General Store.
  1432 | D:3      | Identified the +8 chain mail of Womoz {Will+ Dex+2}
  1591 | D:3      | Noticed Sigmund
  1616 | D:3      | Killed Sigmund
  1617 | D:3      | Reached skill level 5 in Fighting
  1617 | D:3      | Reached skill level 5 in Armour
  1617 | D:3      | Reached skill level 5 in Shields
  1617 | D:3      | Reached XP level 6. HP: 51/56 MP: 5/5
  2022 | D:4      | Reached XP level 7. HP: 53/61 MP: 6/6
  2472 | D:5      | Entered Level 5 of the Dungeon
  2855 | D:5      | Found a runed translucent gate.
  2857 | D:5      | Found a runed translucent gate.
  2857 | D:5      | Noticed Drakonis1988's ghost (novice MiFi)
  2858 | D:5      | Found a runed translucent gate.
  2905 | D:5      | Reached skill level 5 in Short Blades
  2905 | D:5      | Reached XP level 8. HP: 49/70 MP: 7/7
  3895 | D:6      | Found Irrei's Weapon Emporium.
  4183 | D:6      | Reached skill level 5 in Dodging
  4363 | D:6      | Found a shimmering altar of Xom.
  4364 | D:6      | Noticed Prince Ribbit
  4406 | D:6      | Killed Prince Ribbit
  4407 | D:6      | Reached XP level 9. HP: 75/79 MP: 8/8
  4420 | D:6      | Noticed Eustachio
  4475 | D:6      | Killed Eustachio
  4745 | D:7      | Found a staircase to the Ecumenical Temple.
  4761 | Temple   | Entered the Ecumenical Temple
  5703 | D:7      | Killed an unseen horror
  5965 | D:8      | Noticed Maurice
  6009 | D:8      | Killed Maurice
  6269 | D:8      | Found a stormy altar of Qazlal.
  6295 | D:8      | Reached XP level 10. HP: 79/90 MP: 9/9
  6314 | D:8      | Found a hide-covered altar of Uskayaw.
  6314 | D:8      | Found a sacrificial altar of Ru.
  6316 | D:8      | Found a sparkling altar of Nemelex Xobeh.
  6319 | D:8      | Found a snail-covered altar of Cheibriados.
  6319 | D:8      | Found an opulent altar of Gozag.
  6320 | D:8      | Found an iron altar of Okawaru.
  6329 | D:8      | Became a worshipper of Uskayaw the Reveller
  6486 | D:9      | Reached * piety under Uskayaw
  6489 | D:9      | Reached ** piety under Uskayaw
  6494 | D:9      | Reached *** piety under Uskayaw
  6497 | D:9      | Reached **** piety under Uskayaw
  6500 | D:9      | Reached ***** piety under Uskayaw
  6689 | D:9      | Identified the +0 quarterstaff "Vioth" {heavy, *Rage rPois
                  | MP-9 Dex+8}
  6759 | D:9      | Reached skill level 1 in Invocations
  7181 | D:9      | Found a runed translucent gate.
  7181 | D:9      | Found a runed translucent gate.
  7181 | D:9      | Found a runed translucent gate.
  7181 | D:9      | Noticed a spectral centaur warrior
  7182 | D:9      | Noticed a spectral centaur warrior
  7183 | D:9      | Noticed HumbleHazard's ghost (novice MiFi)
  7183 | D:9      | Noticed a spectral centaur warrior
  7463 | D:5      | Killed Drakonis1988's ghost
  7722 | D:10     | Entered Level 10 of the Dungeon
  7791 | D:10     | Identified the +2 helmet "Duffokki" {-Tele *Slow rElec
                  | rPois}
  8593 | D:11     | Noticed a boulder beetle
  8674 | D:11     | Killed a boulder beetle
  8675 | D:11     | Reached XP level 11. HP: 99/99 MP: 12/12
  8675 | D:11     | Noticed a two-headed ogre
  8685 | D:11     | Killed a two-headed ogre
  8687 | D:11     | Found a frozen archway.
  8708 | IceCv    | Entered an ice cave
  8826 | IceCv    | Reached skill level 10 in Shields
  8833 | IceCv    | Reached skill level 10 in Fighting
  8864 | IceCv    | Reached skill level 10 in Armour
  8902 | IceCv    | Noticed a death yak
  8928 | IceCv    | Killed a death yak
  9022 | IceCv    | Reached ****** piety under Uskayaw
  9179 | IceCv    | Noticed a death yak
  9204 | IceCv    | Killed a death yak
  9205 | IceCv    | Reached skill level 5 in Invocations
  9235 | IceCv    | Noticed a death yak
  9235 | IceCv    | Noticed a death yak
  9236 | IceCv    | Noticed a death yak
  9253 | IceCv    | Killed a death yak
  9253 | IceCv    | Killed a death yak
  9254 | IceCv    | Reached XP level 12. HP: 80/108 MP: 14/14
  9254 | IceCv    | Killed a death yak
  9284 | IceCv    | Noticed an ironbound frostheart
  9284 | IceCv    | Noticed a death yak
  9284 | IceCv    | Noticed a death yak
  9284 | IceCv    | Noticed a death yak
  9284 | IceCv    | Noticed an ironbound frostheart
  9310 | IceCv    | Killed a death yak
  9317 | IceCv    | Killed an ironbound frostheart
  9323 | IceCv    | Killed an ironbound frostheart
  9335 | IceCv    | Killed a death yak
  9336 | IceCv    | Reached skill level 10 in Short Blades
  9344 | IceCv    | Killed a death yak
  9980 | D:11     | Found a staircase to the Orcish Mines.
 10069 | D:11     | Reached skill level 10 in Dodging
 10208 | D:11     | Noticed Josephine
 10224 | D:11     | Killed Josephine
 10244 | D:11     | Found a staircase to the Lair.
 10283 | D:11     | Noticed a death yak
 10284 | D:11     | Noticed a death yak
 10284 | D:11     | Noticed a death yak
 10286 | D:11     | Noticed a death yak
 10302 | D:11     | Noticed a death yak
 10305 | D:11     | Killed a death yak
 10308 | D:11     | Noticed a death yak
 10328 | D:11     | Killed a death yak
 10364 | D:11     | Killed a death yak
 10378 | D:11     | Killed a death yak
 10380 | D:11     | Killed a death yak
 10384 | D:11     | Killed a death yak
 10475 | D:11     | Noticed Urug
 10517 | D:11     | Reached XP level 13. HP: 101/117 MP: 17/17
 10519 | D:11     | Killed Urug
 10788 | Lair:1   | Entered Level 1 of the Lair of Beasts
 10883 | Lair:1   | Identified a scroll of acquirement
 10884 | Lair:1   | Acquired a manual of Dodging
 11788 | Lair:2   | Found a staircase to the Snake Pit.
 12063 | Lair:2   | You fall into a shaft and drop 2 floors!
 12410 | Lair:4   | Found a viscous altar of Jiyva.
 12418 | Lair:4   | Found a staircase to the Slime Pits.
 12474 | Lair:4   | Found a shimmering altar of Xom.
 12544 | Lair:4   | Reached XP level 14. HP: 116/129 MP: 19/19
 12612 | Lair:3   | Found a staircase to the Shoals.
 14509 | Lair:4   | Reached skill level 1 in Maces & Flails
 14510 | Lair:4   | Reached skill level 1 in Evocations
 14863 | Lair:5   | Entered Level 5 of the Lair of Beasts
 15343 | Lair:5   | Found a large runed translucent door.
 15346 | Lair:5   | Found a large runed translucent door.
 16203 | Lair:5   | Reached XP level 15. HP: 136/138 MP: 21/21
 16219 | Lair:5   | Got Sif Muna's Disquisition on the Allied Blizzard
 16316 | Lair:5   | Identified the +1 dagger of the Invisible Xenops {freeze,
                  | *Noise rN+++ Stlth+}
 16847 | Orc:1    | Entered Level 1 of the Orcish Mines
 16999 | Orc:1    | Found Wets's Antique Weapon Shop.
 17343 | Orc:2    | Entered Level 2 of the Orcish Mines
 17460 | Orc:2    | Reached skill level 5 in Maces & Flails
 17499 | Orc:2    | Found a staircase to the Elven Halls.
 17622 | Orc:2    | Found Morphi's Antique Armour Emporium.
 17872 | Orc:2    | Found an iron altar of Okawaru.
 18017 | Orc:2    | Found Efecemm's Book Boutique.
 18177 | Orc:2    | Noticed Saint Roka
 18597 | Orc:2    | Killed Saint Roka
 18729 | Orc:2    | Found Vaud's Antique Weapon Shoppe.
 18734 | Orc:2    | Reached skill level 10 in Invocations
 18739 | Orc:2    | Found Apour's Antique Armour Emporium.
 19113 | D:9      | Killed HumbleHazard's ghost
 19494 | D:12     | Reached skill level 15 in Dodging
 19537 | D:12     | Noticed Azrael
 19556 | D:12     | Killed Azrael
 20601 | D:14     | Found a gate to the Vaults.
 20764 | D:14     | Reached skill level 5 in Evocations
 21004 | D:14     | Found a transporter.
 21021 | D:14     | Noticed diceflayer's ghost (journeyman DsGl)
 21033 | D:14     | Found a transporter.
 21195 | D:14     | Reached XP level 16. HP: 127/147 MP: 22/22
 21345 | D:14     | Reached skill level 15 in Shields
 21417 | D:14     | Noticed Rupert
 21454 | D:14     | Killed Rupert
 21702 | D:15     | Entered Level 15 of the Dungeon
 21860 | D:15     | Found a staircase to the Depths.
 22170 | D:15     | Reached skill level 15 in Armour
 22208 | D:15     | Reached skill level 15 in Fighting
 23434 | Snake:1  | Entered Level 1 of the Snake Pit
 23434 | Snake:1  | Found a shimmering altar of Xom.
 23434 | Snake:1  | Found a corrupted altar of Lugonu.
 23571 | Snake:1  | Found a one-way gate to the infinite horrors of the Abyss.
 23640 | Snake:1  | Identified the +1 mace of the Lair of Beasts {heavy,
                  | Will++}
 23870 | Snake:1  | Found Caaj's General Store.
 23882 | Snake:1  | Bought a potion of curing for 51 gold pieces
 24766 | Snake:2  | Found Xaluq's Distillery.
 24808 | Snake:2  | Bought a potion of attraction for 60 gold pieces
 24808 | Snake:2  | Bought a potion of haste for 200 gold pieces
 24808 | Snake:2  | Bought a potion of heal wounds for 100 gold pieces
 24808 | Snake:2  | Bought a potion of curing for 60 gold pieces
 24808 | Snake:2  | Bought a potion of degeneration for 20 gold pieces
 26164 | Snake:3  | Reached XP level 17. HP: 153/158 MP: 24/24
 26299 | Snake:3  | Found a hazy altar of Hepliaklqana.
 26684 | Snake:3  | Noticed Vashnia
 26709 | Snake:3  | Killed Vashnia
 27229 | Snake:4  | Entered Level 4 of the Snake Pit
 27234 | Snake:4  | Noticed Mlioglotl
 27493 | Snake:4  | Noticed Donald
 27533 | Snake:4  | Killed Donald
 27969 | Snake:4  | Killed Mlioglotl
 29060 | Snake:4  | Got a serpentine rune of Zot
 29522 | Orc:2    | Found a staircase to the Elven Halls.
 29537 | Orc:2    | Found Morphi's Antique Armour Emporium.
 29688 | Shoals:1 | Entered Level 1 of the Shoals
 29805 | Shoals:1 | Found Veipof's Jewellery Boutique.
 29940 | Shoals:1 | Bought a ring of flight for 315 gold pieces
 30174 | Shoals:1 | Reached XP level 18. HP: 168/168 MP: 26/26
 32268 | Shoals:3 | Identified the +2 mace "Majeritiys" {freeze, *Noise MP+9
                  | Dex+3}
 32644 | Shoals:3 | Found Zesi's Antique Weapon Shoppe.
 32988 | Shoals:4 | Entered Level 4 of the Shoals
 33779 | Shoals:4 | Got a barnacled rune of Zot
 33787 | Shoals:4 | Identified the ring of Archus {*Corrode Fly rF+ Str+4
                  | Slay+2}
 33925 | Shoals:4 | Paralysed by an air elemental for 1 turns
 33931 | Shoals:4 | Paralysed by an air elemental for 1 turns
 35170 | Shoals:4 | Got the Lectures on the Wendigo
 35255 | Shoals:4 | Paralysed by an air elemental for 1 turns
 35262 | Shoals:4 | Paralysed by an air elemental for 1 turns
 35266 | Shoals:4 | Paralysed by an air elemental for 1 turns
 36377 | Orc:2    | Found an iron altar of Okawaru.
 36506 | Orc:2    | Found Vaud's Antique Weapon Shoppe.
 36510 | Orc:2    | Found Apour's Antique Armour Emporium.
 36564 | Orc:2    | Found Efecemm's Book Boutique.
 36749 | Vaults:1 | Entered Level 1 of the Vaults
 37050 | D:14     | Gained mutation: You occasionally lose the ability to read
                  | scrolls when taking damage. [a neqoxec]
 37052 | D:14     | Gained mutation: Your body sometimes deteriorates upon
                  | taking damage. [a neqoxec]
 37057 | D:14     | Gained mutation: You are clumsy. (Dex -2) [a neqoxec]
 37059 | D:14     | Gained mutation: You are dopey. (Int -2) [a neqoxec]
 37062 | D:14     | Lost intelligence.
 37063 | D:14     | Gained mutation: You are strong-willed. (Will+) [a neqoxec]
 37068 | D:14     | Gained mutation: Your magical capacity is low. (-10% MP) [a
                  | neqoxec]
 37068 | D:14     | Gained mutation: You are weak. (Str -2) [a neqoxec]
 37076 | D:14     | Gained mutation: You are very clumsy. (Dex -4) [a neqoxec]
 37166 | D:14     | Killed diceflayer's ghost
 38612 | Shoals:3 | Lost mutation: You are weak. (Str -2) [potion of mutation]
 38612 | Shoals:3 | Lost mutation: Your magical capacity is low. (-10% MP)
                  | [potion of mutation]
 38614 | Shoals:3 | Lost mutation: You are strong-willed. (Will+) [potion of
                  | mutation]
 38614 | Shoals:3 | Lost mutation: You are very clumsy. (Dex -4) [potion of
                  | mutation]
 38614 | Shoals:3 | Lost mutation: You are clumsy. (Dex -2) [potion of
                  | mutation]
 38614 | Shoals:3 | Lost mutation: You are dopey. (Int -2) [potion of mutation]
 38614 | Shoals:3 | Gained mutation: You expend magic power (3 MP) to
                  | strengthen your wands. [potion of mutation]
 38614 | Shoals:3 | Gained mutation: Your skin changes colour to match your
                  | surroundings (Stealth+). [potion of mutation]
 38614 | Shoals:3 | Gained mutation: You are robust. (+10% HP) [potion of
                  | mutation]
 38617 | Shoals:3 | Lost mutation: You are robust. (+10% HP) [potion of
                  | mutation]
 38617 | Shoals:3 | Lost mutation: Your skin changes colour to match your
                  | surroundings (Stealth+). [potion of mutation]
 38617 | Shoals:3 | Gained mutation: You have large cloven feet. [potion of
                  | mutation]
 38617 | Shoals:3 | Lost mutation: You expend magic power (3 MP) to strengthen
                  | your wands. [potion of mutation]
 38617 | Shoals:3 | Gained mutation: Your muscles are strong. (Str +4, Int/Dex
                  | -1) [potion of mutation]
 38618 | Shoals:3 | Lost mutation: You occasionally lose the ability to read
                  | scrolls when taking damage. [potion of mutation]
 38618 | Shoals:3 | Lost mutation: Your body sometimes deteriorates upon taking
                  | damage. [potion of mutation]
 38618 | Shoals:3 | Lost mutation: Your muscles are strong. (Str +4, Int/Dex
                  | -1) [potion of mutation]
 38618 | Shoals:3 | Gained mutation: Your system is resistant to poisons.
                  | (rPois) [potion of mutation]
 38620 | Shoals:3 | Lost mutation: You have large cloven feet. [potion of
                  | mutation]
 38620 | Shoals:3 | Lost mutation: Your system is resistant to poisons. (rPois)
                  | [potion of mutation]
 38620 | Shoals:3 | Gained mutation: You are strong-willed. (Will+) [potion of
                  | mutation]
 38620 | Shoals:3 | Gained mutation: You are clumsy. (Dex -2) [potion of
                  | mutation]
 38620 | Shoals:3 | Gained mutation: You occasionally lose the ability to drink
                  | potions when taking damage. [potion of mutation]
 38620 | Shoals:3 | Gained mutation: Your flesh is heat resistant. (rF+)
                  | [potion of mutation]
 38621 | Shoals:3 | Lost mutation: Your flesh is heat resistant. (rF+) [potion
                  | of mutation]
 38621 | Shoals:3 | Lost mutation: You are clumsy. (Dex -2) [potion of
                  | mutation]
 38621 | Shoals:3 | Lost mutation: You occasionally lose the ability to drink
                  | potions when taking damage. [potion of mutation]
 38621 | Shoals:3 | Gained mutation: Your mind is acute. (Int +4, Str/Dex -1)
                  | [potion of mutation]
 38621 | Shoals:3 | Gained mutation: You are somewhat resistant to further
                  | mutation. [potion of mutation]
 38621 | Shoals:3 | Gained mutation: Your mind is very acute. (Int +8, Str/Dex
                  | -2) [potion of mutation]
 38898 | D:14     | Gained mutation: You do not regenerate when monsters are
                  | visible. [a neqoxec]
 38909 | D:14     | Lost mutation: Your mind is very acute. (Int +8, Str/Dex
                  | -2) [a neqoxec]
 38921 | D:14     | Identified the ring of the Red God {rF+ rN+ Will+ Int+2
                  | Dex+6 SInv}
 38978 | D:14     | Lost mutation: Your mind is acute. (Int +4, Str/Dex -1)
                  | [potion of mutation]
 38978 | D:14     | Lost mutation: You do not regenerate when monsters are
                  | visible. [potion of mutation]
 38978 | D:14     | Lost mutation: You are somewhat resistant to further
                  | mutation. [potion of mutation]
 38978 | D:14     | Gained mutation: You are dopey. (Int -2) [potion of
                  | mutation]
 39198 | Slime:1  | Entered Level 1 of the Pits of Slime
 39921 | Elf:1    | Entered Level 1 of the Elven Halls
 39958 | Elf:1    | Noticed Jorgrun
 39984 | Elf:1    | Killed Jorgrun
 40106 | Elf:1    | You are sucked into a shaft and drop 1 floor!
 40268 | Elf:2    | Reached XP level 19. HP: 116/179 MP: 28/28
 40405 | Elf:2    | Found a runed translucent gate.
 40405 | Elf:2    | Found a runed translucent gate.
 40406 | Elf:2    | Found a runed translucent gate.
 40426 | Elf:2    | Killed from afar by a deep elf zephyrmancer

Illustrated notes

Levels and vault maps discovered:
D:1:      matt_arrival_spirals, layout_basic
D:2:      layout_basic
D:3:      layout_basic, serial_shops, shop, kennysheep_generic_room_10,
          uniq_grinder, uniq_sigmund
D:4:      layout_rooms, minmay_small_thing
D:5:      layout_layer_cave, gammafunk_ghost_nasty_kobolds
D:6:      layout_rooms, xom_confusion_cloud, serial_shops,
          nicolae_shop_tiny_waterfront, water_boxes_lemuel, uniq_eustachio,
          uniq_prince_ribbit1
D:7:      layout_basic, minmay_temple_entry_wispy, dreamdust_mushroom_princess,
          chequers_serial_rivers_small_a
D:8:      layout_cave_pools, grunt_temple_overflow_open, uniq_maurice
D:9:      layout_irregular_city, gammafunk_ghost_necromancy, dk_vineyard_2
D:10:     layout_loops_ring, st_stairs_12
D:11:     layout_irregular_city, dpeg_lair_monsters, orc_david_3, serial_rivers,
          chequers_serial_rivers_micro_b, chequers_serial_rivers_small_a,
          chequers_serial_rivers_large_b, chequers_serial_rivers_small_b,
          chequers_serial_rivers_micro_b, chequers_serial_rivers_room_b,
          portal_ice_cave_entry_pillars_1, uniq_josephine, uniq_urug
D:12:     layout_cave_pods, uniq_azrael
D:13:     layout_rooms
D:14:     layout_cave_pods, david_vaults_4, gammafunk_ghost_stat_death,
          uniq_rupert
D:15:     grunt_enter_depths_giant_problem, layout_irregular_city,
          minmay_fractal_squares_gapless_7
Temple:   eino_temple_lava
Lair:1:   layout_chaotic_city, lemuel_fruit_tree
Lair:2:   layout_chaotic_city, minmay_snake_entry_six_corridors,
          pdpol_lair_neglected_garden, chequers_serial_rivers_marsh,
          pdpol_lair_cavern_descent
Lair:3:   layout_small_grid, elwin_shoals_entry_stream, minivault_27
Lair:4:   layout_roguey, nicolae_slime_entry_field_trip, basic_altar,
          beast_lair_carwin_11, grunt_megastairs_1, infiniplex_staircase_pool
Lair:5:   cheibrodos_lair_end_hotspot, layout_loops_ring
Shoals:1: layout_shoals, serial_shops, nicolae_shop_gaudy_bauble, yaktaur_hedge
Shoals:2: layout_shoals
Shoals:3: layout_shoals, serial_shops, shop_statue
Shoals:4: shoals_end_hellmonk_storm_palace [storm_palace_center_square,
          storm_palace_corner_narrow, storm_palace_corner_blocked,
          storm_palace_corner_pillars, storm_palace_corner_narrow], serial_shops
Snake:1:  layout_misc_corridors, basic_altar, serial_shops,
          nicolae_shop_statue_plus, amcnicky_altar_lugonu_corruption
Snake:2:  layout_cave_pods, serial_shops, nicolae_stop_n_shop_2, st_stairs_2,
          grunt_ministairs_4, hangedman_corner_corridor
Snake:3:  layout_layer_cave, basic_altar, grunt_megastairs_2, uniq_vashnia
Snake:4:  johnstein_snake_rune_scales, layout_misc_corridors, uniq_mlioglotl,
          uniq_donald
Slime:1:  layout_caves
Slime:2:  layout_caves
Orc:1:    layout_caves, serial_shops, nicolae_shop_trees
Orc:2:    grunt_orc_community_town_hall, layout_diamond_mine,
          grunt_orc_community_big_house_1, grunt_orc_community_big_house_2,
          grunt_orc_community_house_2, grunt_orc_community_house_3,
          grunt_orc_community_house_1, grunt_orc_community_house_1,
          okawaru_metal_pillars_3
Elf:1:    layout_geoelf_diagonals, serial_shops, nicolae_shop_peninsula,
          minmay_elf_annihilation, lemuel_upstairs_altar, uniq_jorgrun
Elf:2:    nicolae_elf_blades_crystal_corner, layout_geoelf_octagon,
          gammafunk_ghost_grave
Vaults:1: gammafunk_ghost_wrathful_warriors,
          nicolae_vaults_variable_pillar_hall_cross, ontoclasm_vaults_ligature,
          nicolae_vaults_house_3, nicolae_vaults_door_testing_chamber,
          ontoclasm_vaults_idyll, v_rooms_1, v_misc_28,
          nicolae_vaults_mini_display_case, nicolae_vaults_trapezoid_lopsided_3,
          vaults_mumra_minichess, hangedman_vaults_cutoff,
          nicolae_vaults_little_ls, layout_vaults_maze, serial_shops, shop,
          shop, shop

Skill      XL: |  1  2  3  4  5  6  7  8  9 10 11 12 13 14 15 16 17 18 19 |
---------------+----------------------------------------------------------+-----
Dodging        | 1 2 3 4 5 6 8 9 10 12 14 15 16 17 18 | 18.5
Shields        | 4 5 6 7 8 9 10 12 13 14 16 17 18 | 18.0
Fighting       | 4 5 6 7 8 9 10 11 13 14 15 16 17 | 17.8
Armour         | 4 5 6 7 8 9 10 11 13 14 15 16 17 | 17.8
Short Blades   | 3 4 5 6 7 8 9 10 11 12 | 12.0
Invocations    | 3 5 6 8 9 10 11 12 13 | 13.6
Maces & Flails | 4 6 |  6.5
Evocations     | 3 5 6 7 9 |  9.2

Action                     |  1- 3 |  4- 6 |  7- 9 | 10-12 | 13-15 | 16-18 | 19-21 || total
---------------------------+-------+-------+-------+-------+-------+-------+-------++-------
  Melee: Rapier            |   114 |    19 |       |       |       |       |       ||   133
         Headbutt          |    17 |    10 |   106 |   223 |   578 |   925 |     7 ||  1866
         Short sword       |       |    42 |     2 |   695 |  1973 |  3244 |    38 ||  5994
         Dagger            |       |       |   516 |   139 |       |       |       ||   655
  Throw: Dart              |       |       |     3 |       |     1 |     2 |       ||     6
 Invoke: Stomp             |       |       |       |     1 |     1 |    11 |       ||    13
         Line Pass         |       |       |       |       |       |     3 |       ||     3
         Grand Finale      |       |       |       |       |       |     2 |       ||     2
  Evoke: Wand              |       |       |       |     3 |     5 |     6 |       ||    14
         Lightning rod     |       |       |       |       |       |     2 |       ||     2
         Phial of floods   |       |       |       |       |       |     1 |       ||     1
         Condenser vane    |       |       |       |       |       |       |     1 ||     1
    Use: Scroll            |       |       |     4 |     1 |    17 |    13 |       ||    35
         Potion            |       |       |       |     1 |     1 |    21 |     2 ||    25
   Stab: Paralysed         |       |       |       |    48 |   170 |   222 |       ||   440
         Confused          |       |       |       |       |       |     1 |       ||     1
 Armour: Scale mail        |    52 |     4 |       |       |       |       |       ||    56
         Chain mail        |       |    21 |   357 |   300 |   710 |   918 |    36 ||  2342
  Dodge: Dodged            |    57 |    23 |   211 |   222 |   639 |  1052 |    58 ||  2262
  Block: Buckler           |    22 |    10 |   123 |     4 |       |       |       ||   159
         Kite shield       |       |       |       |   202 |       |       |       ||   202
         Tower shield      |       |       |       |   197 |  1589 |  2836 |   106 ||  4728
